 Seeded DCSS version 0.30-a0-42-g806c11bf1d (webtiles) character file.

Game seed: 18168638616186862194 (custom seed)

20939 ravioli the Convoker (level 12, -10/51 HPs)
             Began as a Felid Summoner on Aug 31, 2022.
             Was an Initiate of Gozag.
             Shot with a bolt by a yaktaur (14 damage)
             ... on level 13 of the Dungeon on Sept 2, 2022.
             The game lasted 03:02:30 (44202 turns).

ravioli the Convoker (Felid Summoner)              Turns: 44202, Time: 03:02:31

Health: -10/51     AC: 15    Str:  4    XL:     12   Next: 49%
Magic:  12/31      EV: 30    Int: 27    God:    Gozag
Gold:   413        SH:  0    Dex: 19    Spells: 11/40 levels left
                                        Lives:  0   Deaths: 3

rFire   . . .      SeeInvis +    (weapon unavailable)
rCold   . . .      Faith    .    (shield unavailable)
rNeg    . . .      Spirit   .    (body armour unavailable)
rPois   ∞          Reflect  .    (helmet unavailable)
rElec   +          Harm     .    (cloak unavailable)
rCorr   .          Rampage  .    (gloves unavailable)
Will    +....                    (boots unavailable)
Stlth   ++++......               c - amulet of regeneration
HPRegen 0.97/turn                I - ring of Gudio {Int+6 Dex+2}
MPRegen 0.22/turn                E - ring of wizardry

@: sluggish, storm-form, gold aura, flying, very slow
A: cleaving, insubstantial, flying, very small, (claws 1), (fangs 3), see
invisible, (speed 1), (shaggy fur 3), (stealthy paws), no weapons or thrown
items, no armour, multi-lived
a: Blinkbolt, End Transformation, Renounce Religion, Potion Petition, Call
Merchant, Bribe Branch


You were on level 13 of the Dungeon.
You worshipped Gozag.
Gozag was aware of your devotion.
You were a lightning-filled tempest!
You visited 4 branches of the dungeon, and saw 21 of its levels.

You collected 4844 gold pieces.
You spent 1236 gold pieces at shops.
You paid 3195 gold pieces to Gozag.

Inventory:

Jewellery
 c - an amulet of regeneration (around neck)
 g - a +6 ring of strength
 l - a ring of positive energy
 x - the ring of Internal Strife {rC+ Int+5 Dex-4 Slay+3}
   (You acquired it on level 10 of the Dungeon)

   [ring of protection from cold]

   Int:       It affects your intelligence (+5).
   Dex:       It affects your dexterity (-4).
   Slay:      It affects your accuracy & damage with ranged weapons and melee
   (+3).
   rC:        It protects you from cold.
 B - a +4 ring of protection
 C - an amulet of the acrobat
 E - a ring of wizardry (right paw)
 I - the ring of Gudio (left paw) {Int+6 Dex+2}
   (You acquired it on level 2 of the Lair of Beasts)

   [ring of intelligence]

   Int:       It affects your intelligence (+6).
   Dex:       It affects your dexterity (+2).
 K - an amulet of reflection
 N - a ring of fire
 O - the ring "Fyek" {Fly Will+ Dex+4 Stlth+}
   (You acquired it on level 11 of the Dungeon)

   [ring of willpower]

   Dex:       It affects your dexterity (+4).
   Fly:       It grants you flight.
   Will:      It increases your willpower.
   Stlth:     It makes you more stealthy.
 S - a ring of poison resistance
Wands
 m - a wand of mindburst (7)
 w - a wand of polymorph (19)
 R - a wand of charming (11)
Scrolls
 a - 3 scrolls of silence
 f - 4 scrolls of enchant weapon {unknown}
 j - 10 scrolls of teleportation
 n - 3 scrolls of noise
 o - a scroll of amnesia {unknown}
 p - 3 scrolls of fear
 s - 4 scrolls of magic mapping
 t - 2 scrolls of torment
 u - 2 scrolls of poison
 v - a scroll of immolation {unknown}
 y - a scroll of identify
 G - 4 scrolls of vulnerability
 H - a scroll of fog
Potions
 b - 3 potions of degeneration {unknown}
 d - 11 potions of curing
 e - 5 potions of lignification
 h - 4 potions of flight {unknown}
 i - 3 potions of heal wounds
 k - 4 potions of brilliance
 q - a potion of resistance {unknown}
 r - a potion of cancellation {unknown}
 z - 2 potions of magic
 A - a potion of invisibility {unknown}
 D - 4 potions of might {unknown}
 F - 2 potions of ambrosia
 J - 3 potions of haste
 M - 2 potions of attraction
 Q - 2 potions of berserk rage
Miscellaneous
 L - a lightning rod (4/4)


   Skills:
 - Level 4.8 Fighting
 - Level 10.5 Dodging
 - Level 7.0 Stealth
 - Level 14.7 Spellcasting
 - Level 2.8 Hexes
 - Level 15.5 Summonings
 - Level 0.4 Translocations
 * Level 9.3 Transmutations
 - Level 6.8 Air Magic
 - Level 0.3 Evocations


You had 11 spell levels left.
You knew the following spells:

 Your Spells              Type           Power      Damage    Failure   Level
a - Summon Small Mammal   Summ           100%       N/A       0%          1
b - Call Canine Familiar  Summ           81%        N/A       0%          3
c - Blink                 Tloc           44%        N/A       1%          2
d - Summon Guardian Gole  Hex/Summ       62%        N/A       1%          3
e - Summon Lightning Spi  Summ/Air       69%        N/A       1%          4
f - Summon Cactus Giant   Summ           40%        N/A       1%          6
g - Storm Form            Tmut/Air       29%        N/A       32%         7
h - Swiftness             Air            54%        N/A       1%          3

Your spell library contained the following spells:

 Spells                   Type           Power      Damage    Failure   Level
 Call Imp                 Summ           81%        N/A       0%          2
 Apportation              Tloc           44%        N/A       1%          1
 Shock                    Conj/Air       100%       1d9       1%          1
 Scorch                   Fire           38%        2d7       1%          2
 Airstrike                Air            27%        2d(4-20)  1%          4
 Alistair's Intoxication  Tmut/Pois      30%        N/A       4%          5
 Silence                  Hex/Air        23%        N/A       4%          5
 Anguish                  Hex/Necr       13%        N/A       6%          4
 Passage of Golubria      Tloc           22%        N/A       9%          4
 Dispel Undead            Necr           19%        3d11      11%         4
 Flame Wave               Conj/Fire      19%        2d7       11%         4
 Manifold Assault         Tloc           22%        N/A       24%         5
 Dispersal                Tloc           11%        N/A       77%         6
 Death Channel            Necr           9%         N/A       82%         6
 Enfeeble                 Hex            17%        N/A       93%         7
 Disjunction              Tloc           11%        N/A       100%        8
 Lehudib's Crystal Spear  Conj/Erth      9%         10d4      100%        8
 Corpse Rot               Necr/Pois/Air  Unusable   N/A       N/A         4

Dungeon Overview and Level Annotations

Branches:
Dungeon (14/15)            Temple (1/1) D:6            Lair (5/5) D:8
  Swamp (0/4) Lair:3       Spider (0/4) Lair:2        Slime (0/5) Lair:4
    Orc (1/2) D:9
 Vaults: D:13-14

Altars:
Ashenzari
Cheibriados
Dithmenos
Elyvilon
Fedhas
Gozag
Hepliaklqana
Makhleb
Okawaru
Qazlal
Ru
Uskayaw
Xom
Yredelemnul

Shops:
D:3 =   D:12 (   D:13 *   D:14 =   Lair:2 !   Lair:5 =

Portals:
Hell: Lair:5

Annotations:
D:14 1 transporter, Venk's ghost, adept DjFE


Innate Abilities, Weirdness & Mutations

You are a lightning-filled tempest!
Your electrical attacks strike out in all directions at once.
You are incredibly evasive.
Your insubstantial body is immune to petrification, constriction, and being set on fire You are flying.
You are immune to poison.
((You have sharp claws.))
((You have razor-sharp teeth.))
You have supernaturally acute eyesight. (SInv)
((You cover ground quickly. (Speed+)))
((Your thick and shaggy fur keeps you warm. (AC +3, rC+)))
((Your paws help you pounce on unaware monsters.))
You are incapable of wielding weapons or throwing items.
You cannot wear armour.
You gain extra lives every three experience levels.


Message History

You hit the skeletal warrior but do no damage.
The skeletal warrior is severely damaged.
The skeletal warrior hits you with a +0 hand axe!!
* * * LOW HITPOINT WARNING * * *
Casting: Blink (safe; 1% risk of failure)
Confirm with . or Enter, or press ? or * to list all spells.
You blink.
Casting: Blink (safe; 1% risk of failure)
Confirm with . or Enter, or press ? or * to list all spells.
What are your orders? t - Bellow!
Orders for allies: a - Attack new target. r - Retreat! s - Stop attacking. g - Guard the area. f - Follow me.
Anything else - Cancel.
Gang up on whom?
Press: ? - help, Dir - move target, f - skeletal warrior
Aim: a skeletal warrior, wielding a +0 hand axe (severely damaged, ally target) Attack!
Your magical contamination has completely faded away.
You feel stable enough to blink again.
Your cactus giant hits the skeletal warrior with a +0 giant spiked club!
Casting: Summon Cactus Giant (dangerous; 1% risk of failure)
Confirm with . or Enter, or press ? or * to list all spells.
Okay, then.
You are too injured to fight recklessly!
Casting: Summon Cactus Giant (dangerous; 1% risk of failure)
Confirm with . or Enter, or press ? or * to list all spells.
The yaktaur wields a +0 arbalest.
The yaktaur shoots a bolt.
The bolt completely misses you.
The skeletal warrior splashes around in the water.
Your cactus giant hits the skeletal warrior with a +0 giant spiked club!
The skeletal warrior is destroyed!
You hear a splash. x2
Your warg bites the yaktaur!
The yaktaur shoots a bolt.
The bolt hits you!!
* * * LOW HITPOINT WARNING * * *
Your warg bites the yaktaur!
The yaktaur shoots a bolt.
The bolt misses you.
Your warg bites the yaktaur!
The yaktaur shoots a bolt.
The bolt hits you!
You die...
Your body crumbles into a pile of gold.

..#....#..#......'.[#.♣~~~~~P~~~
..#....#..#......#.[....~..~~~~~
#'#....#####'#####..............
..#....#.........#..............
..#....#.........#~♣♣~~~.~~.....
..#....#.........♣~C~~~~~~~~~~~~
..#....#........♣~~$c~~~~~~~~~P~
..#..))#.........~~~h~≈≈≈≈≈~~~~~
###...)#........v#~~♣~~~≈≈~≈~~~♣
.....).).........#..♣♣♣P~~~~~~~♣
.......#.........#......~~~♣~~
..###'##.........########~♣♣♣~
.......#.........# ...
.......#.........# ...
.......#.........#
.......#.........#
.......#.........#


You could see a yaktaur (ally target), a friendly cactus giant (summoned) and a
friendly warg (summoned).

Vanquished Creatures
  An orc sorcerer (D:9)
  An unseen horror (D:11)
  A warg (D:9)
  6 orc warriors (D:9)
  2 ogres (D:9)
  3 electric eels (D:13)
  An orc priest (D:9)
  Natasha (D:2)
  3 orc wizards (D:9)
  4 orcs (D:9)
  A bat (D:1)
24 creatures vanquished.

Vanquished Creatures (collateral kills)
  Jorgrun (D:13)
  A dire elephant (Lair:5)
  7 hydras
  A boulder beetle (D:14)
  Erica (Lair:2)
  A hell beast (Lair:5)
  2 two-headed ogres
  7 death yaks
  3 centaur warriors (D:13)
  An orc high priest (D:9)
  A deep elf knight (D:13)
  Nergalle (D:10)
  A skeletal warrior (D:13)
  2 orc knights
  A wizard (Lair:5)
  2 deep elf pyromancers
  A cyclops (D:11)
  3 manticores
  3 ugly things
  4 molten gargoyles (D:9)
  10 elephants
  A gargoyle (D:12)
  12 cane toads
  A black mamba (Lair:2)
  An orange demon (Lair:5)
  A smoke demon (Lair:5)
  3 rime drakes (Lair:5)
  Psyche (D:8)
  A kobold demonologist (D:13)
  A yaktaur (D:13)
  An efreet (D:13)
  A freezing wraith (D:14)
  2 unseen horrors
  3 ice devils (Lair:5)
  9 komodo dragons
  2 red devils (Lair:5)
  2 tengu conjurers (D:14)
  A polar bear (Lair:2)
  6 trolls
  The ghost of porpoise the Grasshopper, an amateur GnWr (D:4)
  3 slime creatures (D:12)
  A hornet (D:9)
  10 blink frogs
  16 dream sheep
  26 yaks
  3 shadows
  2 wyverns
  7 basilisks
  2 redbacks (Lair:2)
  8 vampire mosquitoes (D:12)
  3 steam dragons
  A swamp worm (Lair:3)
  2 acid dragons
  11 water moccasins
  3 hell hounds (Lair:5)
  11 orc warriors
  An ice beast (D:5)
  A black bear (D:5)
  A sky beast (D:6)
  3 wolves
  11 centaurs
  3 boggarts (D:13)
  5 ogres
  A phantom (D:5)
  Blork the orc (D:6)
  10 kobold brigands
  12 bullfrogs
  3 gnoll sergeants
  4 scorpions
  3 wights (D:8)
  7 killer bees (D:9)
  6 electric eels
  2 howler monkeys
  7 hounds
  5 orc priests
  3 jellies (D:6)
  A gnoll bouda (D:9)
  9 orc wizards
  Natasha (twice) (D:2)
  3 iguanas
  2 scorpion zombies (D:4)
  6 hell rats (Lair:5)
  7 adders
  13 gnolls
  2 river rats (D:8)
  2 shadow imps (D:6)
  A white imp (D:7)
  3 ufetubi (D:5)
  4 worms
  A dart slug (D:4)
  42 orcs
  7 ball pythons
  7 endoplasms
  A giant cockroach (D:3)
  10 goblins
  5 hobgoblins
  15 jackals
  3 quokkas
  A bat (D:1)
  3 frilled lizards (D:1)
  10 kobolds
  5 rats
467 creatures vanquished.

Vanquished Creatures (others)
  2 death yaks (D:8)
  An elephant (Lair:3)
  A black mamba (Lair:1)
  Maggie (D:7)
  2 yaks (D:9)
  Grum (D:8)
  An acid dragon (D:8)
  An orc warrior (D:6)
  A black bear (D:5)
  A wolf (D:8)
  An ogre (D:5)
  2 wights (D:8)
  2 gnoll boudas
  3 gnolls
  An orc (D:5)
  A kobold (D:8)
  23 fungi
  87 plants
132 creatures vanquished.

Grand Total: 623 creatures vanquished

Notes
Turn   | Place    | Note
-------+----------+-------------------------------------------
     0 | D:1      | ravioli the Felid Summoner began the quest for the Orb.
     0 | D:1      | Reached XP level 1. HP: 7/7 MP: 4/4
   357 | D:1      | Reached XP level 2. HP: 11/11 MP: 3/6
  1186 | D:1      | Found a faded altar of an unknown god.
  1392 | D:1      | Reached XP level 3. HP: 13/14 MP: 4/7
  1579 | D:1      | Reached skill level 7 in Summonings
  1579 | D:1      | Reached XP level 4. HP: 18/18 MP: 8/13
  1651 | D:1      | Learned a level 3 spell: Call Canine Familiar
  2359 | D:2      | Noticed Natasha
  2363 | D:2      | Killed Natasha
  2411 | D:2      | Noticed Natasha
  2418 | D:2      | Killed Natasha
  2722 | D:2      | Reached XP level 5. HP: 21/21 MP: 14/14
  3004 | D:2      | Noticed Natasha
  3024 | D:2      | Killed Natasha
  3525 | D:2      | Learned a level 2 spell: Blink
  4185 | D:3      | Gained mutation: You are covered in thick fur. (AC +2)
                  | [Felid growth]
  4185 | D:3      | Reached XP level 6. HP: 24/24 MP: 14/16
  4250 | D:3      | Identified the +7 dagger "Vigaga" {spect, Fragile Str+3
                  | Int+6 Stlth+}
  4569 | D:3      | Found Erovobae's Jewellery Boutique.
  4786 | D:4      | Found a runed translucent gate.
  4786 | D:4      | Found a runed translucent gate.
  4786 | D:4      | Found a runed translucent gate.
  4786 | D:4      | Noticed porpoise's ghost (amateur GnWr)
  4837 | D:4      | Learned a level 3 spell: Summon Guardian Golem
  5131 | D:4      | Found a basalt altar of Yredelemnul.
  5314 | D:4      | Learned a level 4 spell: Summon Lightning Spire
  5667 | D:4      | Reached skill level 8 in Summonings
  5667 | D:4      | Reached XP level 7. HP: 27/27 MP: 4/18
  5842 | D:5      | Entered Level 5 of the Dungeon
  6352 | D:5      | Reached XP level 8. HP: 31/31 MP: 19/19
  7086 | D:5      | Identified the +5 falchion of the Oily God {vorpal, Drain
                  | rElec Dex+6}
  7527 | D:6      | Noticed Blork the orc
  7543 | D:6      | Killed Blork the orc
  7549 | D:6      | Reached skill level 9 in Summonings
  8279 | D:6      | Found a staircase to the Ecumenical Temple.
  8317 | D:6      | Reached skill level 1 in Hexes
  8606 | D:6      | Reached XP level 9. HP: 34/34 MP: 22/22
  8874 | Temple   | Entered the Ecumenical Temple
  8888 | Temple   | Became a worshipper of Gozag Ym Sagoz the Greedy
  9130 | D:7      | Noticed Maggie
  9154 | D:7      | Killed Maggie
  9392 | D:7      | Reached skill level 10 in Summonings
 10462 | D:8      | Noticed Psyche
 10493 | D:8      | Killed Psyche
 10569 | D:8      | Noticed Grum
 10580 | D:8      | Killed Grum
 10599 | D:8      | Noticed a death yak
 10625 | D:8      | Noticed a death yak
 10630 | D:8      | Noticed a death yak
 11650 | D:8      | Killed a death yak
 11650 | D:8      | Killed a death yak
 11651 | D:8      | Reached skill level 11 in Summonings
 11651 | D:8      | Reached skill level 1 in Air Magic
 11651 | D:8      | Reached XP level 10. HP: 38/38 MP: 12/24
 11659 | D:8      | Killed a death yak
 11797 | D:8      | Found a staircase to the Lair.
 12406 | D:8      | Learned a level 6 spell: Summon Cactus Giant
 12698 | D:9      | Reached skill level 12 in Summonings
 12917 | D:9      | Found a blossoming altar of Fedhas.
 13045 | D:9      | Reached XP level 11. HP: 41/41 MP: 18/25
 13161 | D:9      | Identified the +1 leather armour of Servitude {Rampage
                  | SInv}
 13518 | D:9      | Reached skill level 10 in Spellcasting
 13734 | D:9      | Found a staircase to the Orcish Mines.
 13864 | D:9      | Reached skill level 13 in Summonings
 14392 | D:3      | Bought a ring of wizardry for 420 gold pieces
 14540 | D:4      | Killed porpoise's ghost
 14939 | Lair:1   | Entered Level 1 of the Lair of Beasts
 15698 | Lair:1   | Identified the +8 halberd of Xadidyoff {spect, SInv}
 16813 | Lair:2   | Noticed a death yak
 16813 | Lair:2   | Noticed a death yak
 16954 | Lair:2   | Noticed a death yak
 16975 | Lair:2   | Killed a death yak
 16976 | Lair:2   | Reached skill level 1 in Fighting
 16979 | Lair:2   | Killed a death yak
 16980 | Lair:2   | Gained mutation: Your thick and shaggy fur keeps you warm.
                  | (AC +3, rC+) [Felid growth]
 16980 | Lair:2   | Reached XP level 12. HP: 45/45 MP: 6/28
 16993 | Lair:2   | Killed a death yak
 16994 | Lair:2   | Reached skill level 14 in Summonings
 17305 | Lair:2   | Noticed Erica
 17318 | Lair:2   | Killed Erica
 18271 | Lair:2   | Noticed a seven-headed hydra
 18287 | Lair:2   | Killed a seven-headed hydra
 18379 | Lair:2   | Identified 2 scrolls of acquirement
 18379 | Lair:2   | Acquired the ring of Gudio {Int+6 Dex+2}
 18488 | Lair:2   | Found a hole to the Spider Nest.
 18674 | Lair:2   | Noticed a four-headed hydra
 18683 | Lair:2   | Killed a four-headed hydra
 18732 | Lair:2   | Bought a potion of curing for 42 gold pieces
 18732 | Lair:2   | Bought 2 potions of brilliance for 112 gold pieces
 18732 | Lair:2   | Bought a potion of heal wounds for 70 gold pieces
 18732 | Lair:2   | Bought 2 potions of curing for 84 gold pieces
 19713 | Lair:3   | Noticed a five-headed hydra
 19747 | Lair:3   | Killed a five-headed hydra
 20095 | Lair:3   | Noticed a five-headed hydra
 20108 | Lair:3   | Killed a five-headed hydra
 20861 | Lair:3   | Found a staircase to the Swamp.
 21104 | Lair:4   | Found a staircase to the Slime Pits.
 21218 | Lair:4   | Reached XP level 13. HP: 49/49 MP: 26/31
 22414 | Lair:4   | Learned a level 7 spell: Storm Form
 23106 | D:9      | Killed from afar by a molten gargoyle
 23107 | D:9      | Reached XP level 12. HP: 0/46 MP: 17/30
 23299 | D:9      | Reached skill level 15 in Summonings
 23617 | D:10     | Entered Level 10 of the Dungeon
 23711 | D:10     | Found a stormy altar of Qazlal.
 23877 | D:10     | Acquired the ring of Internal Strife {rC+ Int+5 Dex-4
                  | Slay+3}
 24046 | D:10     | Noticed Nergalle
 24205 | D:10     | You fall into a shaft and drop 3 floors!
 24350 | D:13     | Noticed Jorgrun
 24450 | D:13     | Reached skill level 1 in Transmutations
 24849 | D:12     | Noticed a two-headed ogre
 24849 | D:12     | Found Necu's Antique Weapon Shop.
 25026 | D:12     | HP: 1/48 [acid dragon/splash of acid (26)]
 25031 | D:12     | Killed a two-headed ogre
 25129 | D:11     | Noticed a two-headed ogre
 25135 | D:11     | Killed a two-headed ogre
 25221 | D:11     | Found a hide-covered altar of Uskayaw.
 25230 | D:11     | Identified the +10 falchion "Duliez" {flame, rPois rN+}
 25544 | D:11     | Acquired the ring "Fyek" {Fly Will+ Dex+4 Stlth+}
 25838 | D:10     | Killed Nergalle
 26189 | D:10     | Found a sacrificial altar of Ru.
 26693 | Orc:1    | Entered Level 1 of the Orcish Mines
 26933 | Lair:5   | Entered Level 5 of the Lair of Beasts
 27620 | Lair:5   | Reached XP level 13. HP: 52/52 MP: 27/32
 27647 | Lair:5   | Reached skill level 5 in Air Magic
 29660 | D:11     | Learned a level 3 spell: Swiftness
 31311 | Lair:5   | Bought a ring of fire for 375 gold pieces
 31756 | Lair:5   | Noticed a dire elephant
 31771 | Lair:5   | Killed a dire elephant
 32377 | Lair:5   | Reached skill level 5 in Transmutations
 32874 | Lair:5   | Found a burning altar of Makhleb.
 33575 | Lair:5   | Found a gateway to Hell.
 35372 | D:12     | Reached skill level 10 in Dodging
 36726 | D:13     | Killed Jorgrun
 36927 | D:13     | Bought a scroll of identify for 28 gold pieces
 37191 | D:14     | Found Sehiw's Jewellery Emporium.
 37196 | D:14     | Reached XP level 14. HP: 57/57 MP: 17/33
 37830 | D:13     | Bought a scroll of magic mapping for 105 gold pieces
 38892 | D:14     | Noticed Venk's ghost (adept DjFE)
 38894 | D:14     | Found a transporter.
 38898 | D:14     | Noticed a green very ugly thing
 38908 | D:14     | Identified the +3 long sword of Noodal {elec, rElec rC++
                  | Str-2 Int+3}
 38908 | D:14     | Identified the +1 chain mail of Weett {rN+ Will- Dex+2
                  | Stlth+}
 39228 | D:14     | Shot with an arrow by a centaur warrior
 39229 | D:14     | Reached XP level 13. HP: -6/54 MP: 10/32
 42504 | D:9      | Slain by an ice devil
 42505 | D:9      | Reached XP level 12. HP: -5/51 MP: 26/31
 42577 | D:9      | Killed an orc high priest
 42837 | D:13     | Noticed a seven-headed hydra
 42842 | D:13     | Killed a seven-headed hydra
 44201 | D:13     | HP: 2/51 [yaktaur/bolt (22)]
 44202 | D:13     | Shot with a bolt by a yaktaur

Illustrated notes

Levels and vault maps discovered:
D:1:      dpeg_arrival_pits, layout_basic, dilly_ecumenical_altar_fadedgnrine
D:2:      layout_basic, minmay_distorted, uniq_natasha
D:3:      layout_basic, serial_shops, nicolae_shop_waterfront
D:4:      layout_gridville, nicolae_yredelemnul_ghost_church
D:5:      minmay_evil_eye, layout_rooms
D:6:      layout_basic, minitemple, minmay_temple_entry_ruins, serial_curves,
          eino_curves_02, eino_curves_03, minmay_checkerbox, uniq_edmund,
          uniq_blork_the_orc, uniq_crazy_yiuf_cottage
D:7:      layout_basic, uniq_maggie
D:8:      layout_basic, dpeg_lair_monsters, uniq_grum, uniq_psyche
D:9:      layout_loops_ring, fedhas_altar_3,
          kennysheep_orc_monster_closet_entryway, enter_bailey_3, serial_bayou,
          serial_bayou_pond_b, serial_bayou_shore_a, serial_bayou_pond_e,
          serial_bayou_pond_b, minivault_8
D:10:     layout_loops_corners, lemuel_doored_altar, lemuel_crystal_altar,
          uniq_nergalle
D:11:     layout_stronghold, nicolae_water_bricks,
          eat_drink_and_be_merry_uskayaw
D:12:     layout_stronghold, serial_shops, shop, grunt_decor_cap
D:13:     hellmonk_destroyed_diamonds, layout_grid_maze, serial_bayou_ford_a,
          uniq_jorgrun
D:14:     layout_rooms, hangedman_vaults_entry_quadrant_bands,
          gammafunk_ghost_abyssal_escape, nicolae_two_hexagons, serial_shops,
          nicolae_shop_advertising_works [nicolae_subvault_shop_adworks]
Temple:   hellmonk_temple_rainy
Lair:1:   layout_cave_pods, serial_bayou_shore_b, lemuel_fruit_tree,
          grunt_megastairs_1
Lair:2:   layout_loops_ring, spider_nest_entry_webs, uniq_erica
Lair:3:   layout_misc_corridors, minmay_swamp_entry_worms, grunt_megastairs_3
Lair:4:   layout_concentric_octagons, slime_entry_1, serial_bayou_lagoon_b
Lair:5:   evil_forest, layout_cellular_growth
Orc:1:    layout_diamond_mine, nicolae_shop_firing_range

Skill      XL: |  1  2  3  4  5  6  7  8  9 10 11 12 13 14 |
---------------+-------------------------------------------+-----
Stealth        | 3 6 7 |  7.0
Dodging        | 6 7 8 10 | 10.5
Spellcasting   | 6 7 8 9 11 14 | 14.7
Summonings     | 7 8 9 11 12 13 15 | 15.5
Hexes          | 1 2 |  2.8
Air Magic      | 1 3 4 6 |  6.8
Fighting       | 1 3 4 |  4.8
Transmutations | 9 8 7 |  9.3
Translocations | |  0.4
Evocations     | |  0.3

Action                   |  1- 3 |  4- 6 |  7- 9 | 10-12 | 13-15 || total
-------------------------+-------+-------+-------+-------+-------++-------
Melee: Unarmed           |     3 |    10 |     2 |    26 |    48 ||    89
       Bite              |     1 |     1 |       |     1 |       ||     3
       Punch             |       |       |       |     1 |       ||     1
 Cast: Summon Small Mamm |    57 |    43 |    53 |   115 |    63 ||   331
       Call Canine Famil |       |    29 |    39 |    90 |    61 ||   219
       Summon Guardian G |       |     3 |    19 |    17 |     5 ||    44
       Blink             |       |     1 |     2 |     8 |     5 ||    16
       Summon Lightning  |       |       |     3 |    54 |    48 ||   105
       Summon Cactus Gia |       |       |       |    58 |    64 ||   122
       Swiftness         |       |       |       |     2 |    20 ||    22
       Storm Form        |       |       |       |     2 |     6 ||     8
Invok: Call Merchant     |       |       |       |     2 |     1 ||     3
       Potion Petition   |       |       |       |     1 |       ||     1
Evoke: Wand              |       |       |       |     3 |     8 ||    11
  Use: Potion            |     1 |       |     1 |     3 |     3 ||     8
       Scroll            |       |       |     6 |    11 |     7 ||    24
 Stab: Distracted        |       |       |       |       |     2 ||     2
Armor: Skin              |       |       |     3 |     6 |    27 ||    36
Dodge: Dodged            |    25 |    35 |    68 |   170 |   320 ||   618

Table legend: (Time is in decaauts)
 A = Elapsed time spent in this place.
 B = Non-inter-level travel time spent in this place.
 C = Inter-level travel time spent in this place.
 D = Time resting spent in this place.
 E = Time spent auto-exploring this place.
 F = Levels seen in this place.
 G = Mean time per level.
                   A        B        C        D        E       F      G
               +--------+--------+--------+--------+--------+-----+--------+
         Total |  40830 |  38500 |   2330 |  21454 |   7156 |  21 | 1944.3 |
       Dungeon |  28959 |  27318 |   1641 |  15063 |   5282 |  14 | 2068.5 |
        Temple |     23 |     12 |     11 |      0 |      2 |   1 |   23.0 |
          Lair |  11817 |  11140 |    677 |   6391 |   1871 |   5 | 2363.4 |
  Orcish Mines |     30 |     30 |      0 |      0 |      0 |   1 |   30.0 |
               +--------+--------+--------+--------+--------+-----+--------+

Top non-repeatable levels by time:
     D:9: 5942 daAuts
    D:13: 4503 daAuts
  Lair:5: 4460 daAuts
  Lair:2: 2560 daAuts
     D:8: 2034 daAuts
    D:12: 2021 daAuts
     D:1: 1947 daAuts
    D:11: 1809 daAuts
  Lair:1: 1793 daAuts
     D:5: 1639 daAuts
    D:10: 1620 daAuts
  Lair:3: 1598 daAuts
     D:7: 1440 daAuts
  Lair:4: 1403 daAuts
     D:2: 1341 daAuts
